 Dungeon Crawl Stone Soup version 0.29-a0-330-g52719c12eb (webtiles) character file.

Game seed: 10003994861330727878

231 kae the Firebug (level 5, -1/41 HPs)
             Began as a Demigod Fire Elementalist on Apr 22, 2022.
             Slain by an orc priest
             ... wielding a +0 dagger
              (4 damage)
             ... on level 3 of the Dungeon.
             The game lasted 00:01:57 (3902 turns).

kae the Firebug (Demigod Fire Elementalist)         Turns: 3902, Time: 00:01:58

Health: -1/41      AC:  3    Str:  9    XL:     5   Next: 44%
Magic:  0/11       EV: 12    Int: 21    God:
Gold:   226        SH:  0    Dex: 14    Spells: 3/9 levels left

rFire   . . .      SeeInvis .   (no weapon)
rCold   . . .      Faith    .   (no shield)
rNeg    . . .      Spirit   .   a - +1 robe
rPois   .          Reflect  .   (no helmet)
rElec   .          Harm     .   (no cloak)
rCorr   .          Rampage  .   (no gloves)
Will    .....                   (no boots)
Stlth   ++........              (no amulet)
HPRegen 0.13/turn               (no ring)
MPRegen 0.12/turn               (no ring)

@: mighty, very slightly contaminated
A: high MP 1, forlorn, divine attributes
a: no special abilities


You were on level 3 of the Dungeon.
You visited 1 branch of the dungeon, and saw 3 of its levels.

You collected 226 gold pieces.

Inventory:

Armour
 a - a +1 robe (worn)
Wands
 k - a wand of polymorph (15)
Scrolls
 c - a scroll of fog
 d - a scroll of torment
 e - a scroll of identify {unknown}
 j - a scroll of teleportation {unknown}
 m - a scroll of enchant weapon {unknown}
 n - a scroll of blinking
Potions
 b - a potion of magic
 f - a potion of might
 g - a potion of invisibility {unknown}
 h - a potion of curing {unknown}
 i - a potion of flight {unknown}
 l - a potion of mutation {unknown}


   Skills:
 + Level 2.1 Fighting
 - Level 1.7 Dodging
 - Level 1.7 Stealth
 + Level 2.6 Spellcasting
 + Level 2.3 Conjurations
 * Level 4.3 Fire Magic


You had 3 spell levels left.
You knew the following spells:

 Your Spells              Type           Power      Damage    Failure   Level
a - Foxfire               Conj/Fire      64%        2x1d7     3%          1
b - Scorch                Fire           40%        2d7       3%          2
c - Conjure Flame         Conj/Fire      16%        6-21      11%         3

Your spell library contained the following spells:

 Spells                   Type           Power      Damage    Failure   Level
 Inner Flame              Hex/Fire       11%        N/A       17%         3
 Corpse Rot               Necr/Air       4%         N/A       22%         2
 Poisonous Vapours        Pois/Air       4%         N/A       22%         2
 Summon Guardian Golem    Hex/Summ       2%         N/A       38%         3
 Flame Wave               Conj/Fire      16%        2d6       34%         4
 Orb of Destruction       Conj           6%         9d6       100%        7
 Spellforged Servitor     Conj/Summ      3%         N/A       100%        7


Dungeon Overview and Level Annotations

Branches:
Dungeon (3/15)


Innate Abilities, Weirdness & Mutations

You have an increased reservoir of magic. (+10% MP)
You shall have no god before yourself.
Your divine heritage dramatically boosts your attributes as you level up.


Message History

The foxfire hits the orc priest but does no damage.
The orc priest is lightly wounded.
The foxfire hits the orc priest but does no damage.
The orc priest is lightly wounded.
The orc priest hits you with a +0 dagger.
Casting: Foxfire (safe; 3% risk of failure)
Confirm with . or Enter, or press ? or * to list all spells.
You miscast Foxfire.
You are very lightly contaminated with residual magic.
Nothing appears to happen.
The orc priest hits you with a +0 dagger.
Casting: Foxfire (safe; 3% risk of failure)
Confirm with . or Enter, or press ? or * to list all spells.
You conjure some foxfire!
The orc priest hits you but does no damage.
The foxfire hits the orc priest but does no damage.
The orc priest is lightly wounded.
The foxfire hits the orc priest but does no damage.
The orc priest is lightly wounded.
The orc priest misses you.
Casting: Foxfire (safe; 3% risk of failure)
Confirm with . or Enter, or press ? or * to list all spells.
You conjure some foxfire!
The orc priest miscasts a cantrip.
The foxfire hits the orc priest.
The orc priest is moderately wounded.
The foxfire hits the orc priest.
The orc priest is heavily wounded.
The orc priest mumbles some strange prayers to Beogh against you.
Beogh smites you!
* * * LOW HITPOINT WARNING * * *
Casting: Foxfire (safe; 3% risk of failure)
Confirm with . or Enter, or press ? or * to list all spells.
You miscast Foxfire.
Nothing appears to happen.
The orc priest hits you with a +0 dagger.
* * * LOW HITPOINT WARNING * * *
It was a potion of might.
You feel very mighty all of a sudden.
The orc priest hits you with a +0 dagger.
You die...

#.# #.#.##. #.# #.#
#.#.##. #.# #.# #.#.##.
#$# #.# #.#.##. #.# #.#
#.#.##. #.# #.# #.#.##.
#######.# #.# #.#.##.
....)...#####.####.#.##.
....))o@....).........#.
.######..####......#..#.
#..# #.###....... #...
#.#......... #.#.#
#.#.#.#####. #.#.#
#.#.#.##.... #.#..
#.#.#.##.##[
#.##.##.#.#.##.##. #.
.##.#.#....##.


You could see an orc priest.

Vanquished Creatures
  2 orc priests (D:3)
  3 gnolls
  6 adders
  An adder zombie (D:2)
  2 adder skeletons (D:2)
  A dart slug (D:2)
  2 orcs (D:3)
  A bat zombie (D:2)
  9 endoplasms
  3 giant cockroaches (D:2)
  9 hobgoblins
  9 kobolds
  2 quokkas (D:1)
  8 ball pythons
  A ball python skeleton (D:2)
  2 ball python zombies (D:2)
  7 bats
  2 frilled lizards
  A giant cockroach zombie (D:2)
  4 goblins (D:1)
  A jackal skeleton (D:2)
  4 rats
80 creatures vanquished.

Vanquished Creatures (collateral kills)
  3 foxfires (D:2)
3 creatures vanquished.

Vanquished Creatures (others)
  257 foxfires
257 creatures vanquished.

Grand Total: 340 creatures vanquished

Notes
Turn   | Place    | Note
-------+----------+-------------------------------------------
     0 | D:1      | kae the Demigod Fire Elementalist began the quest for the
                  | Orb.
     0 | D:1      | Reached XP level 1. HP: 14/14 MP: 5/5
   171 | D:1      | Reached skill level 1 in Conjurations
   577 | D:1      | Reached skill level 3 in Fire Magic
   577 | D:1      | Reached XP level 2. HP: 22/22 MP: 1/7
  1771 | D:2      | Reached skill level 1 in Fighting
  1775 | D:2      | Reached XP level 3. HP: 17/28 MP: 2/8
  2577 | D:2      | Reached XP level 4. HP: 35/35 MP: 5/10
  2708 | D:1      | Learned a level 2 spell: Scorch
  2712 | D:1      | Learned a level 3 spell: Conjure Flame
  3328 | D:2      | Reached skill level 4 in Fire Magic
  3434 | D:3      | Reached XP level 5. HP: 35/41 MP: 2/11
  3902 | D:3      | Slain by an orc priest

Illustrated notes

Levels and vault maps discovered:
D:1:      heliophobic_arrival_enchanted_forest, layout_loops_corners,
          minmay_split_cup_small
D:2:      layout_rooms, serial_undead, serial_undead_a, serial_undead_f,
          serial_undead_b, serial_undead_d, serial_undead_a, serial_undead_b
D:3:      layout_basic

Skill      XL: |  1  2  3  4  5 |
---------------+----------------+-----
Conjurations   | 1 2 |  2.3
Fire Magic     | 3 4 |  4.3
Spellcasting   | 2 |  2.6
Fighting       | 1 2 |  2.1
Dodging        | |  1.7
Stealth        | |  1.7

Action                   |  1- 3 |  4- 6 || total
-------------------------+-------+-------++-------
Melee: Unarmed           |     5 |       ||     5
 Cast: Foxfire           |   102 |    55 ||   157
       Scorch            |       |    19 ||    19
  Use: Scroll            |     5 |       ||     5
       Potion            |       |     1 ||     1
Armor: Robe              |    11 |    14 ||    25
Dodge: Dodged            |    33 |    34 ||    67

Table legend: (Time is in decaauts)
 A = Elapsed time spent in this place.
 B = Non-inter-level travel time spent in this place.
 C = Inter-level travel time spent in this place.
 D = Time resting spent in this place.
 E = Time spent auto-exploring this place.
 F = Levels seen in this place.
 G = Mean time per level.
                   A        B        C        D        E       F      G
               +--------+--------+--------+--------+--------+-----+--------+
         Total |   3905 |   3849 |     56 |     18 |   3304 |   3 | 1301.7 |
       Dungeon |   3905 |   3849 |     56 |     18 |   3304 |   3 | 1301.7 |
               +--------+--------+--------+--------+--------+-----+--------+

Top non-repeatable levels by time:
     D:1: 1956 daAuts
     D:2: 1465 daAuts
     D:3: 482 daAuts
